 Dungeon Crawl Stone Soup version 0.29-a0-468-ge57f7f99b4 (webtiles) character file.

Game seed: 12684244976406803875

774 timneilson the Shield-Bearer (level 7, -1/44 HPs)
             Began as a Gargoyle Fighter on May 21, 2022.
             Slain by Dowan
             ... wielding a +0 dagger
              (3 damage)
             ... on level 5 of the Dungeon.
             The game lasted 00:08:27 (5473 turns).

timneilson the Shield-Bearer (Gargoyle Fighter)     Turns: 5473, Time: 00:08:28

Health: -1/44      AC: 14    Str: 22    XL:     7   Next: 84%
Magic:  7/7        EV: 12    Int:  8    God:
Gold:   235        SH:  5    Dex:  9    Spells: 6/6 levels left

rFire   . . .      SeeInvis .   a - +0 long sword (freeze)
rCold   . . .      Faith    .   c - +0 buckler
rNeg    + . .      Spirit   .   i - +0 chain mail
rPois   ∞          Reflect  .   (no helmet)
rElec   +          Harm     .   (no cloak)
rCorr   .          Rampage  .   (no gloves)
Will    .....                   (no boots)
Stlth   ..........              (no amulet)
HPRegen 0.14/turn               n - +4 ring of evasion
MPRegen 0.10/turn               (no ring)

@: mighty
A: sickness immunity, AC +4, negative energy resistance 1, electricity
resistance, torment resistance 1, petrification resistance
a: no special abilities


You were on level 5 of the Dungeon.
You visited 1 branch of the dungeon, and saw 5 of its levels.

You collected 235 gold pieces.

Inventory:

Hand Weapons
 a - a +0 long sword of freezing (weapon)
Missiles
 k - a throwing net (quivered)
Armour
 c - a +0 buckler (worn)
 i - a +0 chain mail (worn)
Jewellery
 n - a +4 ring of evasion (left hand)
Scrolls
 f - 8 scrolls of identify
Potions
 b - a potion of cancellation
 e - 3 potions of lignification
 g - a potion of attraction
 h - a potion of magic
 j - a potion of invisibility
 m - a potion of flight


   Skills:
 + Level 4.5 Fighting
 * Level 4.1 Long Blades
 * Level 5.6 Armour
 + Level 2.1 Dodging
 * Level 5.8 Shields


You had 6 spell levels left.
You didn't know any spells.
Your spell library contained the following spells:

 Spells                   Type           Power      Damage    Failure   Level
 Apportation              Tloc           0%         N/A       99%         1
 Slow                     Hex            0%         N/A       99%         1
 Confusing Touch          Hex            0%         N/A       100%        3
 Vampiric Draining        Necr           0%         2d6       100%        3


Dungeon Overview and Level Annotations

Branches:
Dungeon (5/15)
 Temple: D:4-7

Altars:
Makhleb
Qazlal
Sif Muna
Trog

Shops:
D:3 [

Annotations:
D:5 Dowan, Grinder


Innate Abilities, Weirdness & Mutations

You are immune to sickness and miasma.
Your stone body is resilient. (AC +4)
You are immune to poison.
You resist negative energy. (rN+)
You are resistant to electric shocks. (rElec)
You are resistant to unholy torment.
You are immune to petrification.


Message History

Duvessa is severely wounded.
You block Duvessa's attack. Dowan hits you with a +0 dagger.
* * * LOW HITPOINT WARNING * * *
You hit Duvessa but do no damage.
Duvessa is severely wounded.
Duvessa hits you with a +0 short sword.
* * * LOW HITPOINT WARNING * * *
Dowan closely misses you.
You hit Duvessa but do no damage.
Duvessa is severely wounded.
Duvessa hits you but does no damage. Dowan hits you but does no damage.
You slash Duvessa! You freeze Duvessa.
Duvessa is almost dead.
Duvessa misses you. Dowan hits you but does no damage.
Grinder blinks!
Duvessa hits you but does no damage. Dowan closely misses you.
You hit Duvessa but do no damage.
Duvessa is almost dead.
Duvessa hits you but does no damage.
An ogre comes into view. It is wielding a +0 giant club.
Dowan hits you with a +0 dagger.
* * * LOW HITPOINT WARNING * * *
The ogre shouts!
You hit Duvessa. You freeze Duvessa.
You kill Duvessa!
Dowan's eyes darken. "You have made a black mistake."
Dowan seems to find hidden reserves of power!
Dowan barely misses you.
Dowan says, "Magic will overcome all!"
Dowan hits you with a +0 dagger.
* * * LOW HITPOINT WARNING * * *
Your Long Blades skill increases to level 4!
You hit the ogre. You freeze the ogre.
The ogre is moderately wounded.
Dowan hits you with a +0 dagger.
* * * LOW HITPOINT WARNING * * *
The ogre closely misses you.
You barely miss the ogre.
The ogre is moderately wounded.
Dowan hits you with a +0 dagger.
You die...

..#.#.#.........####
...................#
#.#.#<####.........# #. ...#
#..†......# # #.#.
####...#### ... #...# .#
#...# #?# ##.####....# #.#.
#.O@e..# #.#.# #)####...#
##.#.## #.# .## ##.....##
#.#####.####.<.....#
#.##................
#.#.....####....>...
##.#........[........
########.#......# ######.#.#
........###....#########.#.#


You could see an ogre and Dowan (fast).

Vanquished Creatures
  Duvessa (D:5)
  A black bear (D:4)
  A phantom (D:4)
  2 necrophages (D:4)
  A howler monkey (D:5)
  2 hounds
  3 iguanas
  8 adders
  A gnoll (D:3)
  A white imp (D:3)
  3 ufetubi
  A worm (D:4)
  2 dart slugs
  11 orcs
  4 ball pythons
  9 endoplasms
  6 giant cockroaches
  4 goblins
  4 hobgoblins
  6 quokkas
  3 bats
  7 frilled lizards
  7 kobolds
  4 rats
92 creatures vanquished.

Notes
Turn   | Place    | Note
-------+----------+-------------------------------------------
     0 | D:1      | timneilson the Gargoyle Fighter began the quest for the
                  | Orb.
     0 | D:1      | Reached XP level 1. HP: 14/14 MP: 1/1
   199 | D:1      | Reached XP level 2. HP: 13/19 MP: 2/2
  1035 | D:2      | You fall into a shaft and drop 1 floor!
  1059 | D:3      | Found a stormy altar of Qazlal.
  1074 | D:3      | Reached XP level 3. HP: 23/23 MP: 3/3
  1130 | D:3      | Identified the +11 hunting sling "Peschaenicu" {venom,
                  | Dex+7}
  1537 | D:2      | Reached XP level 4. HP: 22/28 MP: 4/4
  2015 | D:2      | Found a faded altar of an unknown god.
  2327 | D:3      | Found a shimmering blue altar of Sif Muna.
  2345 | D:3      | HP: 1/28 [gnoll/+2 hand axe (4)]
  2351 | D:3      | Got Sif Muna's Almanac of the Compass
  2694 | D:3      | Found a bloodstained altar of Trog.
  2809 | D:3      | Found a burning altar of Makhleb.
  3021 | D:3      | Reached skill level 1 in Dodging
  3021 | D:3      | Reached XP level 5. HP: 33/33 MP: 5/5
  3059 | D:3      | Found Nisol's Antique Armour Emporium.
  3765 | D:4      | Noticed a black bear
  3782 | D:4      | Killed a black bear
  3783 | D:4      | Reached XP level 6. HP: 9/38 MP: 6/6
  4338 | D:4      | Reached skill level 5 in Armour
  4338 | D:4      | Reached skill level 5 in Shields
  4622 | D:4      | Reached XP level 7. HP: 26/43 MP: 7/7
  5271 | D:5      | Entered Level 5 of the Dungeon
  5422 | D:5      | Noticed Grinder
  5452 | D:5      | Noticed Duvessa
  5456 | D:5      | Noticed Dowan
  5471 | D:5      | Killed Duvessa
  5472 | D:5      | HP: 2/44 [Dowan/+0 dagger (4)]
  5473 | D:5      | Slain by Dowan

Illustrated notes

Levels and vault maps discovered:
D:1:      lemuel_arrival_cross, layout_loops_ring, hangedman_decor_peaks_small
D:2:      layout_basic, dreamdust_ecumenical_altar_angels_and_demons
D:3:      layout_loops_ring, nzn_overflow_gifts_of_might_and_magic,
          nicolae_qazlal_general_emergency, mainiacjoe_overflow_catwalk,
          serial_shops, shop_fountains, kennysheep_generic_room_7
D:4:      layout_basic
D:5:      layout_loops_ring, serial_shops, shop, uniq_duvessa, uniq_grinder

Skill      XL: |  1  2  3  4  5  6  7 |
---------------+----------------------+-----
Long Blades    | 2 3 4 |  4.1
Shields        | 4 5 |  5.8
Armour         | 4 5 |  5.6
Dodging        | 1 2 |  2.1
Fighting       | 4 |  4.5

Action                   |  1- 3 |  4- 6 |  7- 9 || total
-------------------------+-------+-------+-------++-------
Melee: Long sword        |   147 |   283 |    79 ||   509
  Use: Scroll            |     2 |     6 |     2 ||    10
       Potion            |       |     1 |     1 ||     2
Armor: Scale mail        |    85 |       |       ||    85
       Chain mail        |    11 |   170 |    49 ||   230
Dodge: Dodged            |    75 |   162 |    63 ||   300
Block: Buckler           |    39 |    56 |    21 ||   116

Table legend: (Time is in decaauts)
 A = Elapsed time spent in this place.
 B = Non-inter-level travel time spent in this place.
 C = Inter-level travel time spent in this place.
 D = Time resting spent in this place.
 E = Time spent auto-exploring this place.
 F = Levels seen in this place.
 G = Mean time per level.
                   A        B        C        D        E       F      G
               +--------+--------+--------+--------+--------+-----+--------+
         Total |   5623 |   5454 |    169 |    219 |   4082 |   5 | 1124.6 |
       Dungeon |   5623 |   5454 |    169 |    219 |   4082 |   5 | 1124.6 |
               +--------+--------+--------+--------+--------+-----+--------+

Top non-repeatable levels by time:
     D:4: 1723 daAuts
     D:3: 1583 daAuts
     D:1: 1053 daAuts
     D:2: 1046 daAuts
     D:5: 216 daAuts
